AoeStats
← D¡360

MegaRandom

504930705Analyzed
2v2 RM · 25d ago on Sep 7, 2026· 24m 2s· 4 players
Game mode
Random Map
Map size
Medium (4 player)
Population
200
Speed
Normal
Resources
Standard
Victory
Conquest
Starting age
Dark Age
Ending age
Imperial Age
RankedLock teamsTeams togetherTeam positionsShared explorationLock speedFull tech treeHidden civsTurbo modeCheats
Victory
Defeat
🇲🇽 Saracens · Mexico
1017
+16
🇲🇽 Malay · Mexico
1017
+16
🇨🇴 Franks · Colombia
1057
-34
🇨🇴 Spanish · Colombia
960
-41
πlin|NeoShadow
4:24 Loom
10:13 Feudal Age
13:19 Wheelbarrow
18:28 Castle Age
17:33 Double-Bit Axe
18:14 Forging
18:40 Gold Mining
20:54 Husbandry
D¡360
10:30 Feudal Age
12:02 Wheelbarrow
11:47 Double-Bit Axe
12:46 Horse Collar
14:35 Gold Mining
15:58 Forging
18:06 Man-at-Arms
21:17 Scale Mail Armor
GeneralFreed
0:27 Loom
10:00 Feudal Age
10:25 Double-Bit Axe
10:22 Horse Collar
12:36 Man-at-Arms
19:47 Castle Age
17:53 Stone Mining
18:26 Gold Mining
19:04 Scale Mail Armor
20:23 Wheelbarrow
20:37 Bow Saw
20:30 Heavy Plow
20:27 Pikeman
22:13 Forging
23:54 Gambesons
Cletus1988
10:01 Feudal Age
9:22 Loom
14:14 Castle Age
14:08 Fletching
24:31 Forging
Connection lost

Rejoining the realm…

Still unreachable

The connection could not be restored.

Session expired

The server has moved on; the page needs a fresh start.